 Dungeon Crawl Stone Soup version 0.18.1-8-gdd0e5ea (webtiles) character file.

61 zeroDi the Sneak (level 4, -1/23 HPs)
             Began as a Vine Stalker Assassin on May 24, 2016.
             Slain by a gnoll
             ... wielding a +0 halberd
              (15 damage)
             ... on level 3 of the Dungeon.
             The game lasted 00:02:42 (1250 turns).

zeroDi the Sneak (Vine Stalker Assassin)            Turns: 1250, Time: 00:02:42

Health: -1/23      AC:  3    Str: 14    XL:     4   Next: 7%
Magic:  0/5        EV:  6    Int: 11    God:
Gold:   111        SH:  0    Dex: 16    Spells: 0 memorised, 3 levels left

rFire  . . .     SeeInvis .     a - +2 dagger
rCold  . . .     Gourm    .     c - +0 robe
rNeg   . . .     Faith    .     (no shield)
rPois  .         Spirit   +     (no helmet)
rElec  .         Dismiss  .     d - +0 cloak
rCorr  .         Reflect  .     (no gloves)
SustAt .         Harm     .     (no boots)
MR     .....                    (no amulet)
Stlth  +++.......               (no ring)
                                (no ring)

@: not resistant to hostile enchantments, fairly stealthy
A: fangs 2, regeneration 1, magic shield, antimagic bite, no device heal 3, rot
immunity
a: no special abilities


You were on level 3 of the Dungeon.
You were not hungry.

You visited 1 branch of the dungeon, and saw 3 of its levels.

You collected 111 gold pieces.


Innate Abilities, Weirdness & Mutations

You have extremely sharp teeth.
Your natural rate of healing is unusually fast.
When hurt, damage is shared between your health and your magic reserves.
Your bite disrupts and absorbs the magic of your enemies.
Potions and wands cannot restore your health.
You are immune to rotting.


   Skills:
 - Level 1.7 Fighting
 + Level 3.8 Short Blades
 - Level 1.7 Throwing
 - Level 0.7 Dodging
 - Level 4.8 Stealth


You had 3 spell levels left.
You didn't know any spells.

Inventory:

Hand Weapons
 a - a +2 dagger (weapon)
 b - a +0 blowgun
Missiles
 e - 20 poisoned needles
 f - 2 curare-tipped needles {=f}
Armour
 c - a +0 robe (worn)
 d - a +0 cloak (worn)
Jewellery
 k - an uncursed ring of stealth {unknown}
 l - an uncursed ring of see invisible {unknown}
Scrolls
 i - 3 scrolls of identify {unknown}
 j - a scroll of magic mapping {unknown}
 m - a scroll of blinking {unknown}
 u - a scroll of fog {unknown}
 v - a scroll of amnesia {unknown}
Potions
 h - a potion of mutation {unknown}
 n - 2 potions of lignification {unknown}
 p - a potion of berserk rage {unknown}
 q - a potion of heal wounds {unknown}
 s - a potion of curing {unknown}
Comestibles
 g - 3 bread rations
 o - 3 meat rations
 r - a beef jerky
 t - 2 chunks of flesh

Dungeon Overview and Level Annotations

Branches:
Dungeon (3/15)

Altars:

.......#
......#
..g..# ##...#
##...# ##...#
###g#g#.####
#............
#.#@#.#.#####
##...## #.##
#.# #.# #.#
.#


You could see 3 gnolls.


Message History

Where to? (Enter - D:2, ? - help)
You open the door.
There is an open door here.
There is a stone staircase leading down here.
You climb downwards.
You hear the sound of rushing water.
There is an entrance to a sewer on this level.
Hurry and find it before the portal rusts away!
There is a stone staircase leading up here.
A gnoll comes into view. It is wielding a halberd.
A gnoll is nearby!
A gnoll comes into view.
The gnoll shouts!
There is a stone staircase leading up here.
A gnoll comes into view. It is wielding a spear.
The gnoll shouts!
The gnoll moves out of view.
The gnoll hits you from afar with a halberd!
The gnoll hits you from afar with a halberd!
Ouch! That really hurt!
You die...

Action                   |  1- 3 |  4- 6 || total
-------------------------+-------+-------++-------
Melee: Dagger            |    95 |     8 ||   103
       Bite              |    20 |     3 ||    23
 Fire: Blowgun           |     7 |       ||     7
 Stab: Sleeping          |     7 |     1 ||     8
  Eat: Chunk             |       |     1 ||     1
Armor: Robe              |    18 |       ||    18
Dodge: Dodged            |    52 |     5 ||    57

Vault maps used:
D:1:      saegor_arrival_simple_c
D:3:      gup_sewer_entry_glass, kennysheep_generic_room_12

Notes
Turn   | Place    | Note
--------------------------------------------------------------
     0 | D:1      | zeroDi the Vine Stalker Assassin began the quest for the Orb.
     0 | D:1      | Reached XP level 1. HP: 11/11 MP: 2/2
     7 | D:1      | Reached skill level 2 in Short Blades
    27 | D:1      | Reached XP level 2. HP: 15/15 MP: 3/3
   197 | D:1      | Reached skill level 3 in Short Blades
   305 | D:1      | Reached XP level 3. HP: 18/18 MP: 4/4
   653 | D:2      | HP: 1/18 [worm (4)]
   992 | D:2      | Reached XP level 4. HP: 23/23 MP: 5/5
  1250 | D:3      | Slain by a gnoll

Vanquished Creatures
  An adder (D:2)
  A worm (D:2)
  A dart slug (D:1)
  2 giant geckos
  3 giant cockroaches
  2 goblins
  5 hobgoblins
  2 jackals (D:1)
  10 kobolds
  A quokka (D:2)
  9 bats
  A giant newt (D:1)
  7 rats
45 creatures vanquished.
